 Dungeon Crawl Stone Soup version 0.31-a0-229-g1fc7ce93e2 (webtiles) character file.

Game seed: 17523196745212464381

339 qw the Shooter (level 6, 0/37 HPs)
             Began as a Gargoyle Hexslinger on July 6, 2023.
             Slain by Edmund
             ... wielding a +4 dire flail of holy wrath
              (8 damage)
             ... on level 4 of the Dungeon.
             The game lasted 00:01:03 (3076 turns).

qw the Shooter (Gargoyle Hexslinger)                Turns: 3076, Time: 00:01:04

Health: 0/37       AC: 12    Str: 11    XL:     6   Next: 55%
Magic:  7/7        EV: 10    Int: 14    God:
Gold:   218        SH:  0    Dex: 14    Spells: 6/7 levels left

rFire   + . .        Y - +2 orcbow (drain)
rCold   . . .        (shield currently unavailable)
rNeg    + . .        e - +0 ring mail
rPois   inf          (no helmet)
rElec   +            (no cloak)
rCorr   .            d - +2 pair of gloves "Qati" {rF+ Stlth+}
SInv    +            (no boots)
Will    .....        (no amulet)
Stlth   ++           g - ring of see invisible
HPRegen 0.26/turn    (no ring)
MPRegen 0.10/turn

%: no passive effects
@: no status effects
A: sickness immunity, AC +4, negative energy resistance 1, electricity
resistance, torment resistance 1, petrification resistance
a: no special abilities


You were on level 4 of the Dungeon.
You visited 1 branch of the dungeon, and saw 4 of its levels.

You collected 218 gold pieces.


Innate Abilities, Weirdness & Mutations

You are immune to sickness and miasma.
Your stone body is resilient. (AC +4)
You are immune to poison.
You resist negative energy. (rN+)
You are resistant to electric shocks. (rElec)
You are resistant to unholy torment.
You are immune to petrification.


   Skills:
 + Level 3.1 Fighting
 - Level 6.0 Ranged Weapons
 - Level 1.0 Armour
 - Level 1.5 Dodging
 - Level 1.0 Spellcasting
 - Level 2.6 Hexes


You had 6 spell levels left.
You knew the following spells:

 Your Spells              Type           Power      Damage    Failure   Level
a - Slow                  Hex            32%        N/A       21%         1

Your spell library contained the following spells:

 Spells                   Type           Power      Damage    Failure   Level
 Inner Flame              Hex/Fire       4%         N/A       71%         3
 Portal Projectile        Hex/Tloc       8%         N/A       71%         3
 Cause Fear               Hex            4%         N/A       90%         4

Inventory:

Hand Weapons
 Y - a +2 orcbow of draining (weapon)
Armour
 d - the +2 pair of gloves "Qati" (worn) {rF+ Stlth+}
   (You acquired it on level 2 of the Dungeon)

   rF:        It protects you from fire.
   Stlth:     It makes you more stealthy.
 e - a +0 ring mail (worn)
Jewellery
 g - a ring of see invisible (left hand)
Scrolls
 a - a scroll of identify
Potions
 h - a potion of cancellation
 j - 3 potions of curing

Dungeon Overview and Level Annotations

Branches:
Dungeon (4/15)
 Temple: D:4-7

Altars:
Okawaru

Shops:
D:2 (

Annotations:
D:4 Edmund


Message History

The arrow hits Edmund but does no damage.
Edmund is lightly wounded.
Edmund hits you with a +4 dire flail of holy wrath.
You shoot an arrow.
The arrow hits Edmund but does no damage.
Edmund is lightly wounded.
Edmund hits you with a +4 dire flail of holy wrath!
You shoot an arrow. The arrow hits Edmund!
You drain Edmund.
Edmund is moderately wounded.
Edmund closely misses you.
You shoot an arrow. The arrow hits Edmund!
Edmund is heavily wounded.
Edmund barely misses you.
Edmund hits you with a +4 dire flail of holy wrath!
You shoot an arrow.
The arrow hits Edmund but does no damage.
You drain Edmund.
Edmund is severely wounded.
Edmund hits you but does no damage.
You shoot an arrow.
The arrow hits Edmund but does no damage.
You drain Edmund.
Edmund is severely wounded.
Edmund says, "People accused me of being a cutpurse!"
Edmund hits you with a +4 dire flail of holy wrath.
You shoot an arrow. The arrow hits Edmund.
Edmund is severely wounded.
Edmund closely misses you. Edmund hits you but does no damage.
You shoot an arrow.
The arrow hits Edmund but does no damage.
You drain Edmund.
Edmund is almost dead.
Edmund hits you with a +4 dire flail of holy wrath!
You shoot an arrow.
The arrow hits Edmund but does no damage.
Edmund is almost dead.
Edmund hits you with a +4 dire flail of holy wrath.
You shoot an arrow. The arrow barely misses Edmund.
Edmund hits you with a +4 dire flail of holy wrath!
You die...

....# #####.##............#
....###.......)............#
..........################..
........PP# .... ..
.###......# ... .
........P.# ###.######..
........### ##)#.........
........#...#...........#
........#......@@.......)
........#########..#######
...#......................
##.#......##.#..#...#)....
##.+.....##....###........
####.....##...## ####.....
.# #..>..##...#
############## .#
#.....##...# #.............
.###.....##...#
#.............


You could see Edmund (very drained).

Vanquished Creatures
  An ogre (D:4)
  A gnoll bouda (D:4)
  A jelly (D:4)
  Terence (D:3)
  7 gnolls (D:4)
  3 adders
  2 worms (D:2)
  4 orcs (D:4)
  6 endoplasms
  2 giant cockroaches
  7 goblins
  7 hobgoblins
  2 quokkas
  2 ball pythons
  6 bats
  2 frilled lizards
  6 kobolds
  5 rats
65 creatures vanquished.

Notes
Turn   | Place    | Note
-------+----------+-------------------------------------------
     0 | D:1      | qw the Gargoyle Hexslinger began the quest for the Orb.
     0 | D:1      | Reached XP level 1. HP: 12/12 MP: 2/2
     0 | D:1      | 0 ||| qw: Version: 0.3-a-46-gb1f654a
     0 | D:1      | 0 ||| qw: Game counter: 1262
     0 | D:1      | 0 ||| qw: Melee chars always use a shield: true
     0 | D:1      | 0 ||| qw: God list: Okawaru
     0 | D:1      | 0 ||| qw: Allow faded altars: false
     0 | D:1      | 0 ||| qw: Do Orc after clearing Dungeon:15 true
     0 | D:1      | 0 ||| qw: Do second Lair branch before Depths: true
     0 | D:1      | 0 ||| qw: Lair rune preference: random
     0 | D:1      | 0 ||| qw: Goals: Normal
     0 | D:1      | 0 ||| PLANNING D:1-11
    87 | D:1      | Reached XP level 2. HP: 16/16 MP: 3/3
   140 | D:1      | Found a faded altar of an unknown god.
   325 | D:1      | Reached skill level 3 in Ranged Weapons
   755 | D:1      | 755 ||| UPGRADING to +0 ring mail.
   765 | D:1      | 765 ||| DROPPING +0 robe.
   766 | D:1      | 766 ||| UPGRADING to ring of see invisible.
   767 | D:1      | 767 ||| READING 4 scrolls labelled HEXZOK QIA.
   768 | D:1      | 768 ||| READING scroll labelled TAIHEL ZOXE.
   769 | D:1      | 769 ||| READING scroll labelled NUALEIPAGI.
   770 | D:1      | 770 ||| READING 3 scrolls of identify.
   770 | D:1      | 770 ||| IDENTIFYING yellow potion
   771 | D:1      | 771 ||| READING 2 scrolls of identify.
   771 | D:1      | 771 ||| IDENTIFYING purple potion
   772 | D:1      | 772 ||| DROPPING scroll of poison.
   883 | D:2      | Reached XP level 3. HP: 21/21 MP: 4/4
  1093 | D:2      | Found Rapsa's Weapon Boutique.
  1122 | D:2      | 1122 ||| SHOPLISTING +3 arbalest of the Assorted Ziggurats
                  | {heavy, rCorr Int-5 Dex+4} (336 gold, have 68).
  1662 | D:2      | 1662 ||| READING 2 scrolls labelled DUPTIM YMEARPHA.
  1662 | D:2      | Identified 2 scrolls of acquirement
  1662 | D:2      | 1662 ||| ACQUIRING +2 pair of gloves "Qati" {rF+ Stlth+}
  1662 | D:2      | Acquired the +2 pair of gloves "Qati" {rF+ Stlth+}
  1664 | D:2      | 1664 ||| UPGRADING to +2 pair of gloves "Qati" {rF+
                  | Stlth+}.
  1669 | D:2      | 1669 ||| READING scroll of acquirement.
  1669 | D:2      | 1669 ||| ACQUIRING +2 orcbow of draining
  1669 | D:2      | Acquired a +2 orcbow of draining
  1671 | D:2      | 1671 ||| SWAPPING to +2 orcbow of draining.
  1672 | D:2      | 1672 ||| DROPPING +1 sling.
  1694 | D:3      | Reached XP level 4. HP: 24/26 MP: 5/5
  1846 | D:3      | Reached skill level 1 in Armour
  2133 | D:3      | Noticed Terence
  2140 | D:3      | Reached skill level 4 in Ranged Weapons
  2145 | D:3      | Killed Terence
  2526 | D:3      | 2526 ||| READING scroll labelled PYQUSU CUMO.
  2527 | D:3      | 2527 ||| READING 2 scrolls of identify.
  2527 | D:3      | 2527 ||| IDENTIFYING coppery potion
  2528 | D:3      | 2528 ||| DROPPING potion of ambrosia.
  2587 | D:4      | Reached XP level 5. HP: 30/30 MP: 6/6
  2636 | D:4      | Noticed an ogre
  2642 | D:4      | Killed an ogre
  2643 | D:4      | Reached skill level 5 in Ranged Weapons
  2643 | D:4      | Reached XP level 6. HP: 35/35 MP: 7/7
  2688 | D:4      | 2688 ||| Stepping ~*~*~tactically~*~*~ (outnumbered).
  2689 | D:4      | 2689 ||| Stepping ~*~*~tactically~*~*~ (outnumbered).
  2703 | D:4      | Found an iron altar of Okawaru.
  2704 | D:4      | 2704 ||| PLANNING OKAWARU WORSHIP
  2704 | D:4      | 2704 ||| READING scroll labelled DID CIAFEO.
  2709 | D:4      | 2709 ||| PLANNING D:1-11
  2709 | D:4      | 2709 ||| Stepping randomly (stuck).
  2760 | D:4      | 2760 ||| Stepping ~*~*~tactically~*~*~ (outnumbered).
  2763 | D:4      | 2763 ||| Stepping ~*~*~tactically~*~*~ (outnumbered).
  2765 | D:4      | Reached skill level 3 in Fighting
  2778 | D:4      | Reached skill level 6 in Ranged Weapons
  3063 | D:4      | Noticed Edmund
  3075 | D:4      | HP: 8/37 [Edmund/+4 dire flail of holy wrath (2)]
  3076 | D:4      | Slain by Edmund

Levels and vault maps discovered:
D:1:      lemuel_arrival_funnel, layout_basic, ebering_ecumenical_altar_webs
D:2:      layout_basic, serial_shops, shop
D:3:      layout_basic, roderic_serpentine_path, uniq_terence
D:4:      layout_basic, okawaru_altar_gauntlet_db, sigmund_edmund_badplayer

Skill      XL: |  1  2  3  4  5  6 |
---------------+-------------------+-----
Ranged Weapons | 3 4 5 6 |  6.0
Fighting       | 2 3 |  3.1
Armour         | 1 |  1.0
Dodging        | |  1.5
Spellcasting   | |  1.0
Hexes          | |  2.6

Action                     |  1- 3 |  4- 6 || total
---------------------------+-------+-------++-------
   Fire: Sling             |   140 |       ||   140
         Orcbow            |     6 |    91 ||    97
    Use: Scroll            |     7 |     3 ||    10
 Armour: Robe              |    12 |       ||    12
         Ring mail         |    23 |    29 ||    52
  Dodge: Dodged            |    36 |    34 ||    70

Table legend:
 A = Non-vault XP
 B = Vault XP
 C = Vault XP percentage of total XP
 D = Non-vault monster count
 E = Vault monster count
 F = Vault count percentage of total count
                 A         B        C        D         E       F
            +---------+---------+-------+---------+---------+-------
      Total |     399 |      86 |  17.7 |      58 |       7 |  10.8
            +---------+---------+-------+---------+---------+-------
        D:1 |      26 |       0 |   0.0 |      16 |       0 |   0.0
        D:2 |      55 |       0 |   0.0 |      22 |       0 |   0.0
        D:3 |      35 |      36 |  50.7 |       7 |       1 |  12.5
        D:4 |     283 |      50 |  15.0 |      13 |       6 |  31.6
            +---------+---------+-------+---------+---------+-------
